 Dungeon Crawl Stone Soup version 0.29-a0-866-g0545e20025 (webtiles) character file.

Game seed: 7819249432830364964

180 Malachi the Magician (level 5, -2/35 HPs)
             Began as a Djinni Wanderer on July 16, 2022.
             Slain by an orc priest
             ... wielding a +0 flail
              (5 damage)
             ... on level 4 of the Dungeon.
             The game lasted 00:03:11 (4102 turns).

Malachi the Magician (Djinni Wanderer)              Turns: 4102, Time: 00:03:11

Health: -2/35      AC:  2    Str: 17    XL:     5   Next: 91%
Gold:   161        EV: 11    Int: 17    God:
                   SH:  4    Dex: 11

rFire   + + .      SeeInvis .   a - +0 spear
rCold   x . .      Faith    .   b - +0 buckler
rNeg    . . .      Spirit   .   d - +0 robe
rPois   ∞          Reflect  .   (no helmet)
rElec   .          Harm     .   (no cloak)
rCorr   .          Rampage  .   (no gloves)
Will    .....                   (boots unavailable)
Stlth   +.........              (no amulet)
HPRegen 0.11/turn               j - +6 ring of strength
MPRegen 0.00/turn               (no ring)

@: flying, studying Unarmed Combat
A: sickness immunity, fire resistance 2, cold vulnerability 1, float, innate
caster, HP casting, extra vitality 1
a: no special abilities


You were on level 4 of the Dungeon.
You visited 1 branch of the dungeon, and saw 4 of its levels.

You collected 161 gold pieces.

Inventory:

Hand Weapons
 a - a +0 spear (weapon)
Armour
 b - a +0 buckler (worn)
 d - a +0 robe (worn)
Jewellery
 j - a +6 ring of strength (left hand)
Scrolls
 e - a scroll of blinking {unknown}
 f - 4 scrolls of vulnerability {unknown}
 g - a scroll of fear {unknown}
 h - a scroll of enchant weapon {unknown}
 k - 4 scrolls of teleportation {unknown}
 m - a scroll of magic mapping {unknown}
 n - a scroll of identify {unknown}
 q - a scroll of torment {unknown}
Potions
 c - a potion of might
 i - 2 potions of mutation {unknown}
 l - a potion of flight {unknown}
 o - a potion of brilliance {unknown}
 p - a potion of berserk rage {unknown}


   Skills:
 - Level 2.4 Polearms
 - Level 1.0 Throwing
 - Level 1.1 Dodging
 - Level 2.0 Shields
 * Level 4.2 Spellcasting


You had one spell level left.
You knew the following spells:

 Your Spells              Type           Power      Damage    Failure   Level
a - Summon Small Mammal   Summ           72%        N/A       3%          1
b - Animate Armour        Summ/Erth      36%        N/A       34%         4
c - Call Canine Familiar  Summ           18%        N/A       11%         3
d - Freeze                Ice            72%        1d9       3%          1
e - Ensorcelled Hibernat  Hex/Ice        36%        N/A       5%          2

Your spell library contained the following spells:

 Spells                   Type           Power      Damage    Failure   Level


Dungeon Overview and Level Annotations

Branches:
Dungeon (4/15)
 Temple: D:4-7

Altars:


Innate Abilities, Weirdness & Mutations

You are immune to sickness and miasma.
You are immune to poison.
Your flesh is very heat resistant. (rF++)
You are vulnerable to cold. (rC-)
You float through the air rather than walking.
You learn spells naturally, not from books.
Your magical power is your life essence.
You have superior vitality. (+4 MHP)


Message History

Aim: an orc, wielding a +0 falchion and wearing a +0 chain mail (moderately wounded)
You freeze the orc.
The orc is severely wounded.
The orc hits you with a +0 falchion.
Aiming: Freeze (safe; 3% risk of failure)
Press: ? - help, Q - select action, (/) - cycle Shift-Dir - straight line, f/p - orc
Aim: an orc, wielding a +0 falchion and wearing a +0 chain mail (severely wounded)
You freeze the orc.
You kill the orc!
Aiming: Freeze (safe; 3% risk of failure)
Press: ? - help, Q - select action, (/) - cycle Shift-Dir - straight line, f - orc priest
Aim: an orc priest, wielding a +0 flail You freeze the orc priest.
The orc priest is lightly wounded.
The orc priest calls down the wrath of Beogh upon you.
Beogh smites you!
* * * LOW HITPOINT WARNING * * *
Aiming: Freeze (safe; 3% risk of failure)
Press: ? - help, Q - select action, (/) - cycle Shift-Dir - straight line, f/p - orc priest
Aim: an orc priest, wielding a +0 flail (lightly wounded)
You freeze the orc priest.
The orc priest is moderately wounded.
* * * LOW HITPOINT WARNING * * *
You block the orc priest's attack.
Unknown command.
Aiming: Freeze (safe; 3% risk of failure)
Press: ? - help, Q - select action, (/) - cycle Shift-Dir - straight line, f/p - orc priest
Aim: an orc priest, wielding a +0 flail (moderately wounded)
You freeze the orc priest.
The orc priest is moderately wounded.
* * * LOW HITPOINT WARNING * * *
You block the orc priest's attack.
Aiming: Freeze (safe; 3% risk of failure)
Press: ? - help, Q - select action, (/) - cycle Shift-Dir - straight line, f/p - orc priest
Aim: an orc priest, wielding a +0 flail (moderately wounded)
You freeze the orc priest.
The orc priest is heavily wounded.
* * * LOW HITPOINT WARNING * * *
The orc priest hits you with a +0 flail.
You die...

#.# #.# #.#
#.# #.# #.#
#.# #.# #.#
#.# #.# #.#
#.#
#.####.####.#
#.#
#.##........##
#.#
#.##.#>......#
#.#
#....#.#####.#
#.# ######.#
#)# #@# #.#
#.. #o# #.#
##. #S# #.# #.
... #.# ####.
... #.# #....
..... #.#
#.... .....
#.# #....
###.##. #####


You could see an orc priest and a ball python.

Vanquished Creatures
  A phantom (D:4)
  An iguana (D:4)
  4 adders (D:3)
  2 dart slugs
  4 orcs
  7 endoplasms
  A giant cockroach (D:3)
  6 goblins
  A hobgoblin (D:1)
  A quokka (D:3)
  3 ball pythons
  4 bats
  A frilled lizard (D:3)
  4 rats
40 creatures vanquished.

Notes
Turn   | Place    | Note
-------+----------+-------------------------------------------
     0 | D:1      | Malachi the Djinni Wanderer began the quest for the Orb.
     0 | D:1      | Malachi set off with the following items: a +0 spear, a +0
                  | buckler, a potion of might, a +0 robethe following spells
                  | memorised: Summon Small Mammal, Animate Armour, Call Canine
                  | Familiar.
     0 | D:1      | Reached XP level 1. HP: 15/15 MP: 0/0
   130 | D:1      | Found a faded altar of an unknown god.
   256 | D:1      | Reached skill level 2 in Spellcasting
   256 | D:1      | Reached XP level 2. HP: 8/21 MP: 0/0
  1281 | D:2      | You are sucked into a shaft and drop 1 floor!
  1476 | D:3      | Reached XP level 3. HP: 23/25 MP: 0/0
  1476 | D:3      | Learned a level 1 spell: Freeze
  1660 | D:3      | Reached skill level 3 in Spellcasting
  1660 | D:3      | Reached XP level 4. HP: 4/31 MP: 0/0
  3689 | D:4      | Reached XP level 5. HP: 22/35 MP: 0/0
  3689 | D:4      | Learned a level 2 spell: Ensorcelled Hibernation
  3820 | D:4      | Noticed a phantom
  3839 | D:4      | Killed a phantom
  3840 | D:4      | Reached skill level 4 in Spellcasting
  4102 | D:4      | Slain by an orc priest

Illustrated notes

Levels and vault maps discovered:
D:1:      dpeg_arrival_radiant, layout_loops_corners,
          nicolae_ecumenical_snake_handling, eino_curves_02
D:2:      layout_loops_ring, basic_altar
D:3:      layout_basic, minmay_joined_circles
D:4:      layout_basic

Skill      XL: |  1  2  3  4  5 |
---------------+----------------+-----
Spellcasting   | 2 3 4 |  4.2
Polearms       | |  2.4
Throwing       | |  1.0
Dodging        | |  1.1
Shields        | |  2.0

Action                   |  1- 3 |  4- 6 || total
-------------------------+-------+-------++-------
Melee: Spear             |    77 |    42 ||   119
 Cast: Summon Small Mamm |     4 |     1 ||     5
       Freeze            |       |    34 ||    34
       Call Canine Famil |       |     1 ||     1
Armor: Robe              |    12 |     5 ||    17
Dodge: Dodged            |    27 |    18 ||    45
Block: Buckler           |    10 |    12 ||    22

Table legend: (Time is in decaauts)
 A = Elapsed time spent in this place.
 B = Non-inter-level travel time spent in this place.
 C = Inter-level travel time spent in this place.
 D = Time resting spent in this place.
 E = Time spent auto-exploring this place.
 F = Levels seen in this place.
 G = Mean time per level.
                   A        B        C        D        E       F      G
               +--------+--------+--------+--------+--------+-----+--------+
         Total |   4104 |   4069 |     35 |    766 |   2975 |   4 | 1026.0 |
       Dungeon |   4104 |   4069 |     35 |    766 |   2975 |   4 | 1026.0 |
               +--------+--------+--------+--------+--------+-----+--------+

Top non-repeatable levels by time:
     D:3: 2273 daAuts
     D:1: 1280 daAuts
     D:4: 549 daAuts
     D:2: 0 daAuts
